 Dungeon Crawl Stone Soup version 0.19.4-10-g532645f (console) character file.

135 Grinner the Ruffian (level 4, -5/44 HPs)
             Began as a Troll Monk on Feb 23, 2017.
             Killed from afar by an orc wizard (7 damage)
             ... with a puff of flame
             ... on level 4 of the Dungeon.
             The game lasted 00:03:38 (2113 turns).

Grinner the Ruffian (Troll Monk)                    Turns: 2113, Time: 00:03:39

Health: -5/44      AC:  5    Str: 17 (19) XL:     4   Next: 96%
Magic:  3/3        EV:  6    Int:  3 (6)  God:
Gold:   97         SH: 13    Dex: 12 (13) Spells: 0 memorised, 3 levels left

rFire  . . .     SeeInvis .       - Unarmed
rCold  . . .     Gourm    +     a - +0 robe
rNeg   . . .     Faith    .     d - +0 large shield
rPois  .         Spirit   .     (helmet restricted)
rElec  .         Reflect  .     (no cloak)
rCorr  .         Harm     .     (gloves unavailable)
MR     .....                    (boots unavailable)
Stlth  ++........               (no amulet)
                                (no ring)
                                (no ring)

@: no status effects
A: unfitting armour, claws 3, fast metabolism 3, gourmand, regeneration 1,
shaggy fur 1, tough skin 2
a: no special abilities


You were on level 4 of the Dungeon.
You were not hungry.

You visited 1 branch of the dungeon, and saw 4 of its levels.

You collected 97 gold pieces.

Inventory:

Armour
 a - a +0 robe (worn)
 d - a +0 large shield (worn)
Scrolls
 f - 2 scrolls of teleportation {unknown}
 h - a scroll of remove curse {unknown}
 i - 3 scrolls of identify {unknown}
 j - a scroll of recharging {unknown}
 k - a scroll of magic mapping {unknown}
Potions
 l - a potion of degeneration
Comestibles
 b - 3 bread rations
 c - 4 meat rations
 g - 7 fruits


   Skills:
 - Level 2.4 Fighting
 - Level 2.4 Dodging
 - Level 1.0 Stealth
 * Level 2.9 Shields
 + Level 4.2 Unarmed Combat


You had 3 spell levels left.
You didn't know any spells.

Dungeon Overview and Level Annotations

Branches:
Dungeon (4/15)
 Temple: D:4-7

Altars:
Hepliaklqana
Xom

Annotations:
D:3 daryashkoh's ghost, amateur DsGl


Innate Abilities, Weirdness & Mutations

You are too large for most types of armour.
You have claws for hands.
Your metabolism is lightning-fast.
You like to eat raw meat.
Your natural rate of healing is unusually fast.
You are covered in fur. (AC +1)
You have very tough skin. (AC +2)


Message History

You scratch the orc.
The orc is moderately wounded.
Something hits you but does no damage.
You scratch the orc.
You kill the orc!
You block something's attack.
You barely miss the orc priest. Something hits you.
* * * LOW HITPOINT WARNING * * *
You block the orc priest's attack.
You closely miss the orc priest. You block the orc's attack.
You hear some strange, mumbled words.
A magic dart appears from out of thin air!
The magic dart hits you!
* * * LOW HITPOINT WARNING * * *
The orc priest miscasts a cantrip.
You barely miss the orc priest. The orc barely misses you.
You hear some strange, mumbled words.
A puff of flame appears from out of thin air!
The puff of flame hits you!
You die...

#.# ###.# ## #....
.o #.#.# .# #.##
#.#.# #.#
#.oo######.#.#####
#.# #Jooo....#.....#
#.#
#.o)#####o.#.###.#
#(# #.## #@o..#
#.#####.## ..
##...###........#
#.# #..............#
# #..##.###.###..##
###..##.###.###.รท..
.............##..##
#.#.##.##.......#
#.#.##.##...###.#
#.#.##.##..<# #.#


You could see an orc priest and an orc.

Vanquished Creatures
  An orc wizard (D:4)
  A worker ant (D:4)
  3 adders (D:2)
  An ooze (D:4)
  2 dart slugs (D:1)
  3 leopard geckos
  5 orcs (D:4)
  5 bats
  A giant cockroach (D:1)
  7 hobgoblins
  7 kobolds
  A quokka (D:2)
  4 frilled lizards
  2 goblins
  2 rats (D:2)
45 creatures vanquished.

Notes
Turn   | Place    | Note
-------+----------+-------------------------------------------
     0 | D:1      | Grinner the Troll Monk began the quest for the Orb.
     0 | D:1      | Reached XP level 1. HP: 22/22 MP: 0/0
   177 | D:1      | Reached XP level 2. HP: 29/29 MP: 1/1
   282 | D:1      | Reached skill level 1 in Shields
   993 | D:2      | Reached XP level 3. HP: 31/36 MP: 2/2
  1140 | D:2      | Reached skill level 4 in Unarmed Combat
  1601 | D:2      | Reached XP level 4. HP: 44/44 MP: 3/3
  1870 | D:3      | Noticed daryashkoh's ghost (amateur DsGl)
  1923 | D:4      | Found a shimmering altar of Xom.
  1924 | D:4      | Found a hazy altar of Hepliaklqana.
  1924 | D:4      | Noticed a hungry ghost
  1925 | D:4      | Noticed a spectral ugly thing
  1925 | D:4      | Noticed a hungry ghost
  2112 | D:4      | HP: 2/44 [something/magic dart (6)]
  2113 | D:4      | Killed from afar by an orc wizard

Skill      XL: |  1  2  3 |
---------------+----------+-----
Shields        | 1 2 |  2.9
Unarmed Combat | 4 |  4.2
Fighting       | |  2.4
Dodging        | |  2.4
Stealth        | |  1.0

Action                   |  1- 3 |  4- 6 || total
-------------------------+-------+-------++-------
Melee: Unarmed           |   114 |    51 ||   165
  Use: Potion            |     3 |     2 ||     5
 Stab: Sleeping          |     2 |       ||     2
  Eat: Chunk             |    17 |     1 ||    18
Armor: Robe              |    29 |    16 ||    45
Dodge: Dodged            |    20 |     3 ||    23
Block: Large shield      |    96 |    31 ||   127
